 Dungeon Sprint DCSS version 0.20-a0-613-g92415a4 (webtiles) character file.

0 Apogee the Ruffian (level 4, -2/50 HPs)
             Began as a Troll Monk on Feb 8, 2017.
             Was an Elder of Jiyva.
             Slain by a hell rat (5 damage)
             ... in the Dungeon (Sprint VI: "Thunderdome").
             The game lasted 00:02:10 (111 turns).

Apogee the Ruffian (Troll Monk)                      Turns: 111, Time: 00:02:11

Health: -2/50      AC:  5    Str: 23    XL:     4   Next: 92%
Magic:  3/3        EV: 12    Int:  6    God:    Jiyva [****..]
Gold:   15         SH:  0    Dex: 12    Spells: 3/3 levels left

rFire    + . .     SeeInvis .     - Unarmed
rCold    . . .     Gourm    +   k - +0 animal skin "Zaloov" {rF+ Str+3 Stlth+} (curse)
rNeg     . . .     Faith    .   (no shield)
rPois    +         Spirit   .   (helmet restricted)
rElec    .         Reflect  .   (no cloak)
rCorr    +         Harm     .   (gloves unavailable)
MR       .....     NoTele   +   (boots unavailable)
Stlth    +++.......             (no amulet)
Regen    0.6/turn               (no ring)
                                (no ring)

@: drained
A: unfitting armour, claws 3, fast metabolism 3, gourmand, poison resistance,
regeneration 1, screaming 1, shaggy fur 1, tough skin 2
a: Request Jelly, Slimify, Renounce Religion


You were in the Dungeon.
You worshipped Jiyva.
Jiyva was greatly pleased with you.
You were very full.

You visited 1 branch You collected 200 gold pieces.
You spent 185 gold pieces at shops.

Inventory:

Armour
 a - a +0 robe
 k - the cursed +0 animal skin "Zaloov" (worn) {rF+ Str+3 Stlth+}
   (You bought it in a shop in the Dungeon)

   It affects your strength (+3).
   It protects you from fire.
   It makes you more stealthy.
   It has a curse placed upon it.
 l - a +0 troll leather armour {Purgy}
Scrolls
 h - 4 scrolls of blinking
 i - 3 scrolls of fog
Potions
 c - a potion of curing
 d - 4 potions of heal wounds
 e - 4 potions of haste
 f - 2 potions of magic
 g - a potion of berserk rage
 j - a potion of resistance
Comestibles
 b - 2 bread rations


   Skills:
 - Level 5.1(4.8) Fighting
 - Level 0.5(0.2) Armour
 - Level 5.0(4.7) Dodging
 - Level 1.4(1.1) Stealth
 + Level 6.4(6.0) Unarmed Combat


You had 3 spell levels left.
You didn't know any spells.

Dungeon Overview and Level Annotations

Branches:
Dungeon (1/1)

Altars:
Cheibriados
Dithmenos
Fedhas
Gozag
Kikubaaqudgha
Makhleb
Okawaru
Ru
Sif Muna
Trog
Uskayaw
Xom
Yredelemnul
Zin
The Shining One
Beogh
Jiyva
Lugonu

Shops:
D *[%???:(!!!!


Innate Abilities, Weirdness & Mutations

You are too large for most types of armour.
You have claws for hands.
Your metabolism is lightning-fast.
You like to eat raw meat.
Your natural rate of healing is unusually fast.
You are covered in fur. (AC +1)
You have very tough skin. (AC +2)
Your system is resistant to poisons. (rPois)
You occasionally shout uncontrollably at your foes.


Message History

You continue taking off your +0 troll leather armour {Purgy}. x4
You finish taking off your +0 troll leather armour {Purgy}.
Unknown command.
Wear which item (? for menu, Esc to quit)
The hell rat roars deafeningly!
Keep equipping yourself?
You start putting on your armour.
You continue putting on your blackened animal skin. x3
The hell rat twitches its whiskers.
You continue putting on your blackened animal skin.
The hell rat bites you! x2
* * * LOW HITPOINT WARNING * * *
You feel drained.
* * * LOW HITPOINT WARNING * * *
You finish putting on the cursed +0 animal skin "Zaloov" {rF+ Str+3 Stlth+}.
Oops, that feels deathly cold.
You claw the hell rat! You claw the hell rat.
The hell rat is almost dead.
The hell rat bites you.
You die...

#_........#
###.........###
#⌠...........⌠#
######.8.........8.#
##∩.__......###......
###∩........8.# #.8....
##.............###......
#⌠......†...###...###...
#⌠.....@r...# #.<.# #...
#⌠..........# #...###...
##.............###......
###∩........8. #.8....
##∩___...... #......
######.8.........8.#
#⌠...........⌠#
###.........### _.
......


You could see a hell rat.

Vanquished Creatures
  A porcupine (D)
  Purgy (D)
2 creatures vanquished.

Vanquished Creatures (others)
  A jelly (D)
1 creature vanquished.

Grand Total: 3 creatures vanquished

Notes
Turn   | Place    | Note
-------+----------+-------------------------------------------
     0 | D        | Apogee the Troll Monk began the quest for the Orb.
     0 | D        | Reached XP level 1. HP: 22/22 MP: 0/0
     1 | D        | Found a bloodstained altar of Trog.
     2 | D        | Found a hide-covered altar of Uskayaw.
     2 | D        | Found a deep blue altar of Sif Muna.
     3 | D        | Found a glowing golden altar of the Shining One.
     3 | D        | Found a glowing silver altar of Zin.
     4 | D        | Found Wyquch's Distillery.
     4 | D        | Found a viscous altar of Jiyva.
     4 | D        | Found a blossoming altar of Fedhas.
     4 | D        | Found Wiupp's Do-It-Yourself Clinic.
     5 | D        | Found Imnoyk's Distillery.
     5 | D        | Found Wuracush's Bottled Wisdom.
     5 | D        | Round 1.
     7 | D        | Noticed Purgy
    12 | D        | Became a worshipper of Jiyva Jiuciaf the Shapeless
    12 | D        | Reached * piety under Jiyva
    12 | D        | Reached ** piety under Jiyva
    14 | D        | Found an iron altar of Okawaru.
    19 | D        | Killed Purgy
    19 | D        | Reached skill level 5 in Unarmed Combat
    19 | D        | Reached XP level 2. HP: 17/32 MP: 1/1
    19 | D        | Reached XP level 3. HP: 20/39 MP: 2/2
    50 | D        | Reached *** piety under Jiyva
    58 | D        | Gained mutation: Your system is resistant to poisons. (rPois) [Jiyva's grace]
    58 | D        | Reached **** piety under Jiyva
    58 | D        | Gained mutation: You occasionally shout uncontrollably at your foes. [Jiyva's grace]
    63 | D        | Found a snail-covered altar of Cheibriados.
    63 | D        | Found Jaegang's Staff Store.
    63 | D        | Found Xesao's Must-Have Magic.
    64 | D        | Found Witafede's Magic Scroll Shop.
    65 | D        | Found a shadowy altar of Dithmenos.
    65 | D        | Found a corrupted altar of Lugonu.
    65 | D        | Found a burning altar of Makhleb.
    65 | D        | Found Symi's Magic Scroll Shop.
    80 | D        | Found a sacrificial altar of Ru.
    82 | D        | Found an opulent altar of Gozag.
    82 | D        | Found Pups's Bee Food.
    82 | D        | Found Buhin's Jewellery.
    83 | D        | Found Sybod's Advanced Armour.
    84 | D        | Found a shimmering altar of Xom.
    84 | D        | Found a basalt altar of Yredelemnul.
    84 | D        | Found an ancient bone altar of Kikubaaqudgha.
    84 | D        | Found Odghutz's Identification Station.
    92 | D        | Noticed a porcupine
    95 | D        | Bought a blackened animal skin for 185 gold pieces
    96 | D        | Found a roughly hewn altar of Beogh.
   100 | D        | Killed a porcupine
   100 | D        | Reached skill level 5 in Fighting
   100 | D        | Reached skill level 5 in Dodging
   100 | D        | Reached skill level 6 in Unarmed Combat
   100 | D        | Reached XP level 4. HP: 24/50 MP: 3/3
   110 | D        | HP: 2/50 [hell rat (2)]
   111 | D        | Identified the cursed +0 animal skin "Zaloov" {rF+ Str+3 Stlth+} (You bought it in a shop in the Dungeon)
   111 | D        | Slain by a hell rat

Vault maps used:
D:        arena_sprint

Skill      XL: |  1  2  3 |
---------------+----------+-----
Fighting       | 4 5 |  5.1
Dodging        | 4 5 |  5.0
Unarmed Combat | 5 6 |  6.4
Armour         | |  0.5
Stealth        | |  1.4

Action                   |  1- 3 |  4- 6 || total
-------------------------+-------+-------++-------
Melee: Unarmed           |     8 |     1 ||     9
       Punch             |       |     1 ||     1
  Eat: Chunk             |     4 |       ||     4
Dodge: Dodged            |     5 |       ||     5
